 Dungeon Crawl Stone Soup version 0.25-a0-603-g0321be95db (webtiles) character file.

Game seed: 13547691433067018541, levelgen mode: deterministic

659053 Haet the Pyromancer (level 27, -1/179 HPs)
             Began as a Gargoyle Earth Elementalist on Mar 14, 2020.
             Was the Champion of Vehumet.
             Slain by an infernal warmonger
             ... wielding a +1 demon blade of venom
             ... summoned by Geduza
              (14 damage)
             ... on level 10 of a ziggurat on Mar 16, 2020.
             The game lasted 04:29:21 (70846 turns).

Haet the Pyromancer (Gargoyle Earth Elementalist)  Turns: 70846, Time: 04:29:22

Health: -1/179     AC: 33    Str: 23    XL:     27
Magic:  54/54      EV: 21    Int: 46    God:    Vehumet [******]
Gold:   11848      SH:  0    Dex: 13    Spells: 1/62 levels left

rFire    + . .     SeeInvis .   t - +9 morningstar (elec)
rCold    + + .     Gourm    .   (no shield)
rNeg     + . .     Faith    .   j - +2 robe "Xoyf" {+Blink rC+ MP+9 Int+3}
rPois    ∞         Spirit   .   E - +1 hat of Yneriet {rPois rCorr Str+7 Stlth-}
rElec    +         Reflect  .   H - scarf {cloud immunity}
rCorr    +         Harm     .   M - +2 pair of gloves {Str+3}
MR       ++++.                  C - +2 pair of boots
Stlth    +.........             Z - amulet "Nimimosm" {RegenMP Int+6}
HPRegen  0.39/turn              N - ring of Seunypru {Int+6 Dex+3}
MPRegen  0.59/turn              q - ring of the Mage {Wiz MR++ Int+3}

@: mighty, resistant, hasted, studying Ice Magic, silenced, lightly drained,
very quick
A: big wings, mutation resistance 1, negative energy resistance 1, shaggy fur 1,
electricity resistance, unbreathing, petrification resistance, rot immunity, AC
+20
}: 4/15 runes: barnacled, slimy, silver, gossamer
a: Fly, Renounce Religion, Evoke Blink


You were on level 10 of a ziggurat.
You worshipped Vehumet.
Vehumet was exalted by your worship.
You were not hungry.

You visited 12 branches of the dungeon, and saw 54 of its levels.
You visited 1 ziggurat, and saw 10 of its levels.
You also visited: Trove, Sewer, Ice Cave and Wizlab.

You collected 20370 gold pieces.
You spent 8522 gold pieces at shops.

Inventory:

Hand Weapons
 t - a +9 morningstar of electrocution (weapon)
 W - the +8 flail of Defence {holy, *Drain rF+++ MR+ Stlth+}
   (You found it on level 5 of the Pits of Slime)

   It has been blessed by the Shining One to cause great damage to the undead
   and demons.
   It renders you almost immune to fire.
   It affects your resistance to hostile enchantments.
   It causes draining when unequipped.
   It makes you more stealthy.
Missiles
 r - 4 throwing nets (quivered)
Armour
 j - the +2 robe "Xoyf" (worn) {+Blink rC+ MP+9 Int+3}
   (You took it off a deep elf mage on level 3 of the Elven Halls)

   It affects your intelligence (+3).
   It protects you from cold.
   It affects your magic capacity (+9).
   It lets you blink.
 C - a +2 pair of boots (worn)
 E - the +1 hat of Yneriet (worn) {rPois rCorr Str+7 Stlth-}
   (You acquired it on level 5 of the Vaults)

   It affects your strength (+7).
   It protects you from poison.
   It provides partial protection from all sources of acid and corrosion.
   It makes you less stealthy.
 F - the +4 robe of Integrity {rC+ SInv}
   (You bought it in a shop on level 11 of the Dungeon)

   It protects you from cold.
   It lets you see invisible.
 H - a scarf of cloud immunity (worn)
 M - a +2 pair of gloves of strength (worn)
Magical Staves
 o - an uncursed staff of energy
Jewellery
 q - the ring of the Mage (right hand) {Wiz MR++ Int+3}
   (You took it off a merfolk siren on level 4 of the Shoals)

   [ring of wizardry]

   It improves your spell success rate.
   It affects your intelligence (+3).
   It affects your resistance to hostile enchantments.
 N - the ring of Seunypru (left hand) {Int+6 Dex+3}
   (You bought it in a shop on level 1 of the Elven Halls)

   [ring of intelligence]

   It affects your intelligence (+6).
   It affects your dexterity (+3).
 Z - the amulet "Nimimosm" (around neck) {RegenMP Int+6}
   (You took it off a vampire mage on level 1 of the Crypt)

   [amulet of magic regeneration]

   It increases your magic regeneration.
   It affects your intelligence (+6).
Wands
 e - a wand of acid (8)
 T - a wand of clouds (6)
Scrolls
 a - 8 scrolls of fear
 b - a scroll of enchant armour
 g - 36 scrolls of remove curse
 h - 34 scrolls of teleportation
 k - 42 scrolls of identify
 l - 3 scrolls of holy word
 v - 2 scrolls of magic mapping
 y - 3 scrolls of enchant weapon
 O - a scroll of summoning
 P - 10 scrolls of amnesia
 Q - 7 scrolls of fog
 S - 10 scrolls of blinking
Potions
 c - a potion of might
 f - 9 potions of stabbing
 p - 28 potions of curing
 s - 4 potions of invisibility
 u - 10 potions of mutation
 z - 6 potions of cancellation
 A - 6 potions of magic
 B - a potion of resistance
 G - 9 potions of brilliance
 I - 6 potions of berserk rage
 J - 8 potions of heal wounds
 K - 7 potions of ambrosia
Books
 U - a manual of Ice Magic
 V - a manual of Ice Magic
Miscellaneous
 n - a lamp of fire
 w - 8 phantom mirrors
 x - 4 boxes of beasts
 D - a phial of floods
 L - a fan of gales
Comestibles
 d - 44 rations


   Skills:
 + Level 20.3(19.9) Fighting
 - Level 14.0(13.6) Maces & Flails
 - Level 6.0(5.7) Armour
 - Level 15.0(14.6) Dodging
 - Level 2.1(1.9) Stealth
 + Level 18.2(17.8) Spellcasting
 - Level 20.0(19.6) Conjurations
   Level 0.7(0.5) Transmutations
 - Level 22.0(21.6) Fire Magic
 + Level 11.4(11.1) Ice Magic
 - Level 22.0(21.6) Earth Magic
 - Level 6.0(5.7) Evocations


You had one spell level left.
You knew the following spells:

 Your Spells              Type           Power        Failure   Level  Hunger
a - Shatter               Erth           ########..   1%          9    ####...
b - Stone Arrow           Conj/Erth      ######       0%          3    None
c - Lee's Rapid Deconstr  Erth           ########..   0%          5    None
d - Iron Shot             Conj/Erth      ########..   0%          6    None
e - Apportation           Tloc           #####.       1%          1    None
f - Starburst             Conj/Fire      ########..   0%          6    None
g - Ignition              Fire           ########..   1%          8    ##.....
h - Fireball              Conj/Fire      ########..   0%          5    None
i - Fire Storm            Conj/Fire      ########..   1%          9    ####...
j - Glaciate              Conj/Ice       ########..   11%         9    ####...

Your spell library contained the following spells:

 Spells                   Type           Power        Failure   Level  Hunger
 Lehudib's Crystal Spear  Conj/Erth      ########..   1%          8    ##.....
 Foxfire                  Conj/Fire      ####         0%          1    None
 Freeze                   Ice            ####         0%          1    None
 Magic Dart               Conj           ####         0%          1    None
 Sandblast                Erth           ######       0%          1    None
 Shock                    Conj/Air       ####         0%          1    None
 Animate Skeleton         Necr           N/A          1%          1    None
 Corona                   Hex            #####..      1%          1    None
 Infusion                 Chrm           ####         1%          1    None
 Pain                     Necr           ####         1%          1    None
 Summon Butterflies       Summ           #####...     1%          1    None
 Summon Small Mammal      Summ           ####         1%          1    None
 Passwall                 Tmut/Erth      #######.     0%          2    None
 Searing Ray              Conj           ######       0%          2    None
 Conjure Flame            Conj/Fire      ########     0%          3    None
 Frozen Ramparts          Ice            ######       0%          3    None
 Hailstorm                Conj/Ice       ########     0%          4    None
 Sticky Flame             Conj/Fire      ########     0%          4    None
 Bolt of Magma            Conj/Fire/Erth ########..   0%          5    None
 Blink                    Tloc           N/A          1%          2    None
 Call Imp                 Summ           #####...     1%          2    None
 Corpse Rot               Necr/Air       N/A          1%          2    None
 Ensorcelled Hibernation  Hex/Ice        ######       1%          2    None
 Poisonous Vapours        Pois/Air       #####.       1%          2    None
 Shroud of Golubria       Chrm/Tloc      #####.       1%          2    None
 Slow                     Hex            #####...     1%          2    None
 Song of Slaying          Chrm           #####...     1%          2    None
 Swiftness                Chrm/Air       #####...     1%          2    None
 Call Canine Familiar     Summ           #####...     1%          3    None
 Confusing Touch          Hex            #####...     1%          3    None
 Dazzling Flash           Conj/Hex       ######       1%          3    None
 Gell's Gravitas          Tloc           #####.....   1%          3    None
 Ignite Poison            Fire/Tmut/Pois #######.     1%          3    None
 Mephitic Cloud           Conj/Pois/Air  #######.     1%          3    None
 Ozocubu's Armour         Chrm/Ice       #######.     1%          3    None
 Portal Projectile        Hex/Tloc       #####.       1%          3    None
 Recall                   Summ/Tloc      N/A          1%          3    None
 Spectral Weapon          Hex/Chrm       #####...     1%          3    None
 Static Discharge         Conj/Air       #######.     1%          3    None
 Summon Guardian Golem    Hex/Summ       #####...     1%          3    None
 Teleport Other           Tloc           #####...     1%          3    None
 Tukima's Dance           Hex            #####...     1%          3    None
 Vampiric Draining        Necr           #####.....   1%          3    None
 Airstrike                Air            #####.....   1%          4    None
 Fulminant Prism          Conj/Hex       #######...   1%          4    None
 Iskenderun's Mystic Bla  Conj/Tloc      #######.     1%          4    None
 Leda's Liquefaction      Hex/Erth       #######...   1%          4    None
 Olgreb's Toxic Radiance  Pois           #####...     1%          4    None
 Petrify                  Tmut/Erth      #######.     1%          4    None
 Summon Ice Beast         Ice/Summ       #######.     1%          4    None
 Borgnjor's Vile Clutch   Necr/Erth      #######...   1%          5    None
 Iskenderun's Battlesphe  Conj/Chrm      #######.     1%          5    None
 Lightning Bolt           Conj/Air       #######...   1%          5    None
 Metabolic Englaciation   Hex/Ice        #######...   1%          5    None
 Yara's Violent Unravell  Hex/Tmut       #####.....   1%          5    None
 Conjure Ball Lightning   Conj/Air       #######...   1%          6    None
 Freezing Cloud           Conj/Ice/Air   #######...   1%          6    None
 Orb of Destruction       Conj           ########..   1%          7    None
 Animate Dead             Necr           N/A          2%          4    None
 Cause Fear               Hex            #####.....   2%          4    None
 Dispel Undead            Necr           #####...     2%          4    None
 Summon Lightning Spire   Summ/Air       #####...     2%          4    None
 Ring of Flames           Chrm/Fire      #######...   2%          7    None
 Simulacrum               Ice/Necr       #######...   3%          6    None
 Agony                    Necr           #####...     6%          5    None
 Aura of Abjuration       Summ           #####.....   6%          5    None
 Excruciating Wounds      Chrm/Necr      #####.....   6%          5    None
 Silence                  Hex/Air        #####.....   6%          5    None
 Summon Demon             Summ           #####.....   6%          5    None
 Summon Forest            Summ/Tloc      #####.....   6%          5    None
 Summon Mana Viper        Hex/Summ       #####...     6%          5    None
 Chain Lightning          Conj/Air       #######...   7%          8    ##.....
 Hydra Form               Tmut           #####.....   26%         6    None
 Eringya's Noxious Bog    Tmut/Pois      #####.....   28%         6    None
 Death Channel            Necr           #####.....   32%         6    None
 Deflect Missiles         Chrm/Air       #####.....   32%         6    None
 Dispersal                Tloc           #####.....   32%         6    None
 Shadow Creatures         Summ           N/A          32%         6    None
 Haunt                    Necr/Summ      #####.....   85%         7    None
 Summon Hydra             Summ           #####.....   85%         7    None
 Borgnjor's Revivificati  Necr           #####.....   100%        8    ##.....
 Controlled Blink         Tloc           N/A          100%        8    ##.....
 Death's Door             Chrm/Necr      #####.....   100%        8    ##.....
 Discord                  Hex            #####.....   100%        8    ##.....
 Disjunction              Tloc           #####.....   100%        8    ##.....
 Infestation              Necr           #####.....   100%        8    ##.....
 Necromutation            Tmut/Necr      #####.....   100%        8    ##.....
 Tornado                  Air            #####.....   100%        9    ####...
 Sublimation of Blood     Necr           Unusable     N/A         2    N/A
 Statue Form              Tmut/Erth      Unusable     N/A         6    N/A

Dungeon Overview and Level Annotations

Branches:
Dungeon (15/15)            Temple (1/1) D:7            Lair (6/6) D:10
 Shoals (4/4) Lair:3       Spider (4/4) Lair:3        Slime (5/5) Lair:5
    Orc (2/2) D:12            Elf (3/3) Orc:2        Vaults (5/5) D:13
  Crypt (3/3) Vaults:2       Tomb (0/3) Crypt:3      Depths (5/5) D:15
    Zot (1/5) Depths:5      Sewer (visited)           IceCv (visited)
 WizLab (visited)

Altars:
Ashenzari
Cheibriados
Dithmenos
Elyvilon
Fedhas
Gozag
Hepliaklqana
Kikubaaqudgha
Makhleb
Nemelex Xobeh
Okawaru
Qazlal
Ru
Sif Muna
Trog
Uskayaw
Vehumet
Wu Jian
Xom
Yredelemnul
Zin
The Shining One
Beogh
Jiyva

Shops:
D:5 }   D:8 :   D:10 ?   D:11 [   D:13 !   Orc:2 }[*(   Elf:1 }==   Elf:2 [
Elf:3 ?!*(=   Shoals:2 (   Vaults:1 [   Vaults:2 !   Vaults:3 *   Depths:1 (!
Depths:2 (

Portals:
Hell: Depths:1 Depths:2 Depths:3 Depths:4 Depths:5
Abyss: Depths:2 Depths:4 Depths:5
Pandemonium: Depths:1 Depths:3 Depths:5

Annotations:
D:5 3 runed translucent doors, Sickboy's ghost, novice MiFi
D:8 2 transporters, loom's ghost, novice GnSk
D:10 1 runed translucent door, karf's ghost, journeyman GrFi
Shoals:2 3 runed translucent doors, Laze's ghost, journeyman DEAE
Elf:2 3 runed translucent doors
Crypt:1 3 runed translucent doors, Nyot's ghost, veteran GrFi; Onnun's ghost, veteran GrFi; Siomof's ghost, veteran GrFi; Util's ghost, veteran MiBe


Innate Abilities, Weirdness & Mutations

You are resistant to torment.
Your stone body is resilient. (AC +20)
You are immune to poison.
Your large and strong wings let you fly indefinitely.
You resist negative energy. (rN+)
You are resistant to electric shocks. (rElec)
You can survive without breathing.
You are immune to petrification.
You are immune to rotting.
You are somewhat resistant to further mutation.
You are covered in fur. (AC +1)


Message History

Geduza is heavily wounded.
Geduza gestures.
Geduza's surroundings become eerily quiet.
The monstrous warmonger is engulfed in freezing vapours.
The infernal warmonger completely misses you.
Unknown command.
Unknown command.
Unknown command.
You hit Geduza.
Geduza is heavily wounded.
Geduza hits you!!
* * * LOW HITPOINT WARNING * * *
Unknown command.
Unknown command.
You feel much better. Geduza hits you!
* * * LOW HITPOINT WARNING * * *
The infernal warmonger hits you with a +1 demon blade of venom!!
* * * LOW HITPOINT WARNING * * *
You are engulfed in flames!
You resist.
You die...

............▓▓
.............▓▓
..............▓
....☼.........▓▓
....°..........▓
).)...2........▓
4.§..○○26......▓▓
4.4.4○°6&@...∩..▓
..☼..°..6......▓▓
.....○.........▓
.....°.........▓
..............▓▓
..............▓
.............▓▓
............▓▓


You could see Geduza, 2 demonspawn, 2 reapers, a monstrous corrupter and 2 red
devils.

Vanquished Creatures
  the Royal Jelly (Slime:5)
  4 ancient liches
  A juggernaut (Depths:4)
  Sojobo (Crypt:3)
  A greater mummy (Zig:6)
  Bai Suzhen (Depths:2)
  Frederick (Crypt:2)
  2 caustic shrikes (Depths:2)
  Nikola (Vaults:2)
  A profane servitor (Zig:9)
  3 golden dragons
  Jory (Vaults:1)
  8 liches
  An electric golem (WizLab)
  A hellephant (Zig:8)
  A Brimstone Fiend (Zig:10)
  Jorgrun (D:14)
  8 tentacled monstrosities
  A Hell Sentinel (Zig:10)
  Asterion (Vaults:1)
  2 deep elf blademasters (Elf:3)
  6 quicksilver dragons
  3 ancient champions
  2 deep elf master archers (Elf:3)
  10 titans
  20 acid blobs
  2 Executioners (Zig:10)
  6 storm dragons
  2 tentacled starspawn (Zig:5)
  5 sphinxes
  A storm dragon (shapeshifter) (Depths:4)
  11 tengu reavers
  8 shadow dragons
  2 revenants
  Ilsuiw (Shoals:2)
  A thorn hunter (Zig:3)
  9 azure jellies
  Donald (Spider:2)
  12 fire giants
  Roxanne (Spider:1)
  4 deep elf sorcerers
  A draconian monk (Depths:5)
  16 frost giants
  Aizul (Shoals:1)
  A balrug (Zig:10)
  4 ghost moths (Spider:4)
  An iron dragon (Vaults:5)
  16 vault wardens
  Louise (Spider:2)
  2 draconian knights (Zig:7)
  2 curse skulls
  An orc warlord (Vaults:5)
  A draconian scorcher (Zig:1)
  13 ironheart preservers
  7 emperor scorpions
  5 ghouls
  3 spriggan defenders (Depths:3)
  8 war gargoyles
  2 blood saints (Zig:10)
  4 deep elf elementalists
  28 stone giants
  2 draconian annihilators (Zig:7)
  A draconian stormcaller (Depths:5)
  12 very ugly things
  2 entropy weavers
  8 deep elf demonologists
  7 vampire knights
  A purple draconian (Depths:5)
  A black draconian (Zig:7)
  Nessos (D:15)
  A red draconian (Depths:5)
  A lorocyproca (Zig:10)
  2 dire elephants (Zig:8)
  11 deep elf annihilators
  11 spark wasps
  Azrael (Elf:1)
  A white draconian (Zig:7)
  2 yellow draconians
  17 ettins
  3 merfolk javelineers
  5 crystal guardians
  An ettin (shapeshifter) (Vaults:5)
  20 ogre magi
  7 eidola
  A mummy priest (Crypt:1)
  14 fire dragons
  11 death oozes
  10 jiangshi
  A green death (Depths:5)
  9 deep elf death magi
  Josephine (D:10)
  8 merfolk impalers
  19 yaktaur captains
  2 hell beasts
  6 deep elf high priests
  14 hydras
  11 great orbs of eyes
  2 catoblepae
  4 rakshasas
  34 vault guards
  15 ice dragons
  An anaconda (shapeshifter) (Depths:2)
  4 merfolk avatars
  4 death knights
  14 centaur warriors
  6 satyrs (Shoals:4)
  7 spriggan air magi
  16 dancing weapons
  6 merfolk aquamancers
  15 deep troll shamans
  A titan zombie (Crypt:3)
  A death scarab (Zig:6)
  3 orc high priests
  68 two-headed ogres
  10 tengu warriors
  3 death yaks (Lair:6)
  14 vampire magi
  12 deep troll earth magi
  6 soul eaters
  14 deep elf knights
  13 spriggan berserkers
  A storm dragon zombie (Crypt:3)
  3 sun demons (Depths:4)
  9 spriggans
  2 iron golems (WizLab)
  18 skeletal warriors
  A hell knight (Depths:3)
  A fire crab (shapeshifter) (Depths:3)
  A spatial maelstrom (Zig:5)
  A golden dragon zombie (Crypt:3)
  5 shadow wraiths
  14 unseen horrors
  8 iron trolls
  2 shadow demons (Zig:10)
  7 glowing orange brains
  12 sea snakes
  24 deep trolls
  3 spriggan druids
  12 flayed ghosts
  13 deep elf archers
  A golden dragon skeleton (Crypt:2)
  6 wizards
  2 swamp dragons
  12 ironbrand convokers
  A shadow dragon zombie (Crypt:1)
  2 obsidian statues
  A sphinx zombie (Crypt:2)
  A harpy (shapeshifter) (Depths:2)
  A lindwurm (shapeshifter) (Vaults:2)
  Pikel (D:5)
  52 deep elf magi
  6 necromancers
  17 phantasmal warriors
  23 orb spiders
  A lindwurm (Lair:6)
  17 harpies
  29 ugly things
  4 oklob plants (Lair:4)
  40 wolf spiders
  10 orc knights
  4 orange crystal statues
  2 orc sorcerers
  33 fauns
  A wolf spider (shapeshifter) (Vaults:5)
  2 stone giant zombies
  3 fire giant zombies
  8 cyclopes
  8 manticores
  4 shining eyes
  A stone giant skeleton (Vaults:3)
  A sphinx skeleton (Vaults:3)
  2 moths of wrath
  A frost giant zombie (D:15)
  11 elephants (Lair:6)
  Maurice (Orc:1)
  A frost giant skeleton (Vaults:3)
  An elephant (shapeshifter) (Depths:4)
  7 fire giant skeletons
  7 water nymphs
  9 gargoyles
  4 eyes of devastation
  2 rust devils (Depths:4)
  2 smoke demons
  5 ice statues
  11 merfolk sirens
  12 vault sentinels
  4 black mambas
  A guardian serpent (shapeshifter) (Depths:3)
  13 spiny frogs
  2 orange demons
  5 torpor snails
  4 centaur skeletons
  14 freezing wraiths
  4 kobold demonologists
  A hellion (Zig:5)
  55 yaktaurs
  9 rime drakes
  4 komodo dragons
  14 demonic crawlers
  2 guardian mummies (Zig:6)
  2 efreet (D:14)
  An ice devil (Depths:5)
  4 red devils
  21 merfolk
  A yaktaur skeleton (Vaults:1)
  9 trolls
  42 jumping spiders
  3 meliai (D:14)
  A spriggan skeleton (Zig:6)
  2 tyrant leeches (Zig:4)
  3 polar bears (Lair:6)
  9 tengu conjurers
  A blink frog (shapeshifter) (Vaults:1)
  A meliai (shapeshifter) (Vaults:1)
  6 wind drakes
  23 hornets
  A raiju (shapeshifter) (Depths:3)
  An ice dragon zombie (D:15)
  A fire dragon zombie (Crypt:3)
  A slime creature (shapeshifter) (Depths:3)
  14 hippogriffs
  A death drake skeleton (Crypt:1)
  2 ettin zombies
  60 slime creatures
  3 snapping turtles
  A raiju (Zig:5)
  A dream sheep (shapeshifter) (Vaults:5)
  4 blink frogs (Lair:6)
  4 dream sheep
  80 redbacks
  5 flying skulls
  A redback (shapeshifter) (D:15)
  7 vampires
  15 wraiths
  A tarantella (shapeshifter) (Vaults:1)
  9 fire dragon skeletons (Crypt:3)
  Sigmund (D:5)
  3 wyverns
  4 shadows (Crypt:3)
  27 tarantellas
  30 water elementals
  A human (D:9)
  39 yaks
  3 air elementals
  2 neqoxecs
  2 basilisks
  4 hogs (D:9)
  2 steam dragons (Shoals:3)
  A basilisk (shapeshifter) (Vaults:4)
  5 hungry ghosts
  A golden eye (shapeshifter) (Depths:5)
  6 golden eyes (Slime:5)
  9 fire elementals
  7 vampire mosquitoes
  A death yak simulacrum (IceCv)
  A yaktaur simulacrum (Vaults:3)
  4 wargs
  3 acid dragons
  A soldier ant (D:10)
  26 water moccasins
  A hell hound (Elf:1)
  10 porcupines
  A swamp drake (Zig:3)
  2 floating eyes
  28 orc warriors
  A hornet zombie (Vaults:1)
  An ice beast (shapeshifter) (Depths:4)
  9 ice beasts
  4 sky beasts
  A black bear (shapeshifter) (Vaults:2)
  A necrophage (Crypt:1)
  An alligator simulacrum (IceCv)
  6 eyes of draining
  An eye of draining (shapeshifter) (Elf:2)
  65 ogres
  2 snapping turtle zombies (Crypt:3)
  3 black bears
  A phantom (D:9)
  14 boggarts
  22 centaurs
  12 wolves
  An orc skeleton (Vaults:1)
  An elf simulacrum (Zig:6)
  15 crocodiles
  A crocodile (shapeshifter) (Vaults:4)
  A small abomination (Zig:5)
  6 big kobolds
  12 bullfrogs
  11 earth elementals
  A wyvern zombie (Crypt:1)
  A glowing shapeshifter simulacrum (Vaults:3)
  2 gnoll sergeants
  An elf skeleton (Crypt:1)
  A wyvern skeleton (D:14)
  5 scorpions
  A raiju zombie (Crypt:2)
  A water moccasin skeleton (D:6)
  17 killer bees
  2 human simulacra
  A killer bee (shapeshifter) (Vaults:5)
  An orc simulacrum (Vaults:2)
  10 howler monkeys
  23 wights
  3 electric eels
  2 bullfrog zombies
  3 draconian simulacra (IceCv)
  22 crimson imps
  10 hounds
  5 jellies
  3 quasits
  5 centaur zombies
  2 gnoll shamans
  21 orc priests
  3 iron imps (Depths:4)
  3 iguanas
  An iguana (shapeshifter) (Depths:2)
  16 orc wizards
  13 worker ants
  2 spriggan simulacra (IceCv)
  5 troll simulacra (IceCv)
  A killer bee zombie (D:7)
  2 wolf simulacra (IceCv)
  4 centaur simulacra (IceCv)
  2 felid skeletons
  A demigod skeleton (Crypt:2)
  A hound skeleton (D:11)
  5 mummies (Zig:6)
  A worker ant zombie (D:9)
  19 gnolls
  2 howler monkey skeletons
  5 naga simulacra (IceCv)
  4 adders
  An ogre simulacrum (IceCv)
  7 shadow imps
  13 white imps
  4 oozes (Sewer)
  An adder zombie (D:9)
  An adder skeleton (D:5)
  9 worms
  3 dart slugs
  10 leopard geckos
  70 orcs
  4 giant cockroaches
  11 goblins
  6 hobgoblins
  16 jackals
  4 quokkas
  7 ball pythons
  8 bats
  3 frilled lizards
  A frilled lizard skeleton (Crypt:2)
  A hobgoblin skeleton (Crypt:1)
  A jackal skeleton (Crypt:2)
  27 kobolds
  A leopard gecko skeleton (D:7)
  A quokka skeleton (D:4)
  13 rats
  A rat zombie (Crypt:1)
  A block of ice (Zig:10)
  11 fire vortices
  2 fungi (Lair:6)
  23 plants
2655 creatures vanquished.

Vanquished Creatures (collateral kills)
  A greater mummy (Zig:6)
  A tentacled monstrosity (Depths:4)
  2 acid blobs (Slime:5)
  An azure jelly (Slime:5)
  A draconian knight (Depths:5)
  A very ugly thing (Depths:5)
  A yellow draconian (Depths:5)
  A great orb of eyes (Slime:5)
  A fire dragon (Depths:1)
  2 slime creatures
  A wraith (D:10)
  A water elemental (Depths:1)
  3 orc warriors (Orc:2)
  2 ogres
  An orc priest (Orc:2)
  A gnoll (Orc:2)
21 creatures vanquished.

Vanquished Creatures (others)
  A spriggan air mage (Depths:2)
  A deep elf knight (Elf:1)
  2 deep elf magi (Elf:3)
  A slime creature (D:14)
  A fire dragon skeleton (Crypt:3)
  A quokka (D:5)
  A block of ice (Zig:9)
  A bush (Lair:6)
  134 fire vortices
  21 fungi
  33 plants
  2 starspawn tentacles (Zig:5)
  7 withered plants
206 creatures vanquished.

Grand Total: 2882 creatures vanquished

Notes
Turn   | Place    | Note
-------+----------+-------------------------------------------
     0 | D:1      | Haet the Gargoyle Earth Elementalist began the quest for
                  | the Orb.
     0 | D:1      | Reached XP level 1. HP: 10/10 MP: 3/3
   137 | D:1      | Gained mutation: You expend magic power (3 MP) to
                  | strengthen your wands. [potion of mutation]
   137 | D:1      | Gained mutation: You have a pair of small horns on your
                  | head. [potion of mutation]
   235 | D:1      | Reached XP level 2. HP: 4/15 MP: 0/5
   945 | D:2      | Reached XP level 3. HP: 13/19 MP: 7/7
   950 | D:2      | Learned a level 3 spell: Stone Arrow
  1632 | D:2      | Reached skill level 1 in Conjurations
  1864 | D:3      | Reached XP level 4. HP: 24/24 MP: 5/8
  2074 | D:3      | Reached skill level 5 in Earth Magic
  2641 | D:3      | Reached XP level 5. HP: 25/28 MP: 9/9
  2786 | D:3      | Learned a level 5 spell: Lee's Rapid Deconstruction
  3217 | D:4      | Noticed an ogre
  3225 | D:4      | Killed an ogre
  3225 | D:4      | Reached XP level 6. HP: 4/32 MP: 9/11
  3654 | D:5      | Entered Level 5 of the Dungeon
  3654 | D:5      | Noticed an ice beast
  3655 | D:5      | Noticed a slave
  3655 | D:5      | Noticed a slave
  3656 | D:5      | Noticed a slave
  3657 | D:5      | Killed an ice beast
  3657 | D:5      | Reached XP level 7. HP: 36/36 MP: 5/13
  3717 | D:5      | Noticed Sigmund
  3720 | D:5      | Killed Sigmund
  3770 | D:5      | Found Muarutin's Gadget Shoppe.
  3803 | D:5      | Noticed Pikel
  3809 | D:5      | Killed Pikel
  3809 | D:5      | Reached skill level 5 in Spellcasting
  3809 | D:5      | Reached skill level 5 in Conjurations
  3809 | D:5      | Reached XP level 8. HP: 36/41 MP: 8/16
  4099 | D:5      | Found an opulent altar of Gozag.
  4100 | D:5      | Found a runed translucent gate.
  4100 | D:5      | Found a runed translucent gate.
  4100 | D:5      | Found a runed translucent gate.
  4101 | D:5      | Noticed Sickboy's ghost (novice MiFi)
  4102 | D:5      | Noticed a troll
  4308 | D:6      | Reached skill level 1 in Fighting
  4308 | D:6      | Reached skill level 1 in Maces & Flails
  4308 | D:6      | Reached skill level 1 in Armour
  4663 | D:6      | Found a glowing drain.
  4667 | Sewer    | Entered a sewer
  5086 | Sewer    | Reached XP level 9. HP: 48/48 MP: 17/17
  5986 | D:7      | Found a staircase to the Ecumenical Temple.
  5996 | Temple   | Entered the Ecumenical Temple
  6078 | Temple   | Became a worshipper of Vehumet
  6604 | D:7      | Noticed a hornet
  6609 | D:7      | Killed a hornet
  6697 | D:7      | Found a shattered altar of Ashenzari.
  6970 | D:8      | Reached XP level 10. HP: 37/56 MP: 19/19
  6978 | D:8      | Found a transporter.
  6978 | D:8      | Noticed loom's ghost (novice GnSk)
  6979 | D:8      | Found a transporter.
  6983 | D:8      | Noticed a cyclops
  7007 | D:8      | Reached * piety under Vehumet
  7007 | D:8      | Offered knowledge of Shock by Vehumet.
  7091 | D:8      | Noticed a gargoyle
  7397 | D:8      | Killed a gargoyle
  7490 | D:8      | Found Weeb Ydu's Book Shoppe.
  8402 | D:9      | Offered knowledge of Magic Dart by Vehumet.
  8542 | D:9      | Killed an unseen horror
  8542 | D:9      | Reached skill level 5 in Fighting
  8542 | D:9      | Reached skill level 5 in Armour
  8735 | D:9      | Reached XP level 11. HP: 64/64 MP: 10/21
  8810 | D:9      | Reached ** piety under Vehumet
  8935 | D:10     | Entered Level 10 of the Dungeon
  8973 | D:10     | Reached skill level 5 in Maces & Flails
  8996 | D:10     | Found a staircase to the Lair.
  9148 | D:10     | Reached skill level 10 in Earth Magic
  9309 | D:10     | Killed an unseen horror
  9418 | D:10     | Found Waruag's Magic Scroll Shop.
  9429 | D:10     | Bought a scroll of acquirement for 624 gold pieces
  9440 | D:10     | Identified the amulet of the Thistle {Acrobat MP+9} (You
                  | acquired it on level 10 of the Dungeon)
  9440 | D:10     | Identified a +2 pair of boots of running (You acquired it
                  | on level 10 of the Dungeon)
  9440 | D:10     | Identified Ebofosm's Papyrus of Earth and Weightlessness
                  | (You acquired it on level 10 of the Dungeon)
  9596 | D:10     | Learned a level 1 spell: Apportation
  9623 | D:10     | Found a runed translucent door.
  9626 | D:10     | Lost mutation: You expend magic power (3 MP) to strengthen
                  | your wands. [potion of mutation]
  9626 | D:10     | Lost mutation: You have a pair of small horns on your head.
                  | [potion of mutation]
  9626 | D:10     | Gained mutation: You are covered in fur. (AC +1) [potion of
                  | mutation]
  9626 | D:10     | Gained mutation: Your body sometimes deteriorates upon
                  | taking damage. [potion of mutation]
  9626 | D:10     | Gained mutation: Your magical capacity is low. (-10% MP)
                  | [potion of mutation]
  9626 | D:10     | Gained mutation: Your spells are a little harder to cast,
                  | but a little more powerful. [potion of mutation]
  9634 | D:10     | Noticed karf's ghost (journeyman GrFi)
  9704 | D:10     | Noticed Josephine
  9721 | D:10     | Killed Josephine
  9736 | D:10     | Reached skill level 5 in Dodging
 10106 | D:8      | Bought a book of Fire for 975 gold pieces
 10112 | D:8      | Learned a level 5 spell: Fireball
 10205 | D:10     | Bought a scroll of enchant weapon for 90 gold pieces
 10205 | D:10     | Bought a scroll of magic mapping for 42 gold pieces
 10205 | D:10     | Bought a scroll of identify for 24 gold pieces
 10205 | D:10     | Bought 2 scrolls of identify for 48 gold pieces
 10209 | D:10     | Bought a scroll of identify for 24 gold pieces
 10209 | D:10     | Bought a scroll of identify for 24 gold pieces
 10209 | D:10     | Bought a scroll of identify for 24 gold pieces
 10209 | D:10     | Bought a scroll of holy word for 90 gold pieces
 10244 | D:11     | Noticed a cyclops
 10256 | D:11     | Offered knowledge of Static Discharge by Vehumet.
 10264 | D:11     | Killed a cyclops
 10270 | D:11     | Reached skill level 1 in Fire Magic
 10543 | D:11     | Killed an unseen horror
 10543 | D:11     | Reached *** piety under Vehumet
 10825 | D:11     | Noticed a five-headed hydra
 10829 | D:11     | Killed a five-headed hydra
 10829 | D:11     | Reached XP level 12. HP: 71/71 MP: 1/21
 10944 | D:11     | Found Xistid's Antique Armour Emporium.
 10955 | D:11     | Bought a shadowed robe for 142 gold pieces
 10955 | D:11     | Bought an embroidered scarf for 200 gold pieces
 10970 | D:11     | Identified the +4 robe of Integrity {rC+ SInv} (You bought
                  | it in a shop on level 11 of the Dungeon)
 11194 | D:12     | Offered knowledge of Fulminant Prism by Vehumet.
 11593 | D:12     | Found a staircase to the Orcish Mines.
 11635 | D:12     | Reached **** piety under Vehumet
 12040 | D:12     | Offered knowledge of Mephitic Cloud by Vehumet.
 12084 | D:12     | Identified the +5 arbalest of the Extremes {penet, Str+5
                  | Int+3} (You acquired it on level 12 of the Dungeon)
 12339 | D:12     | Noticed a two-headed ogre
 12343 | D:12     | Killed a two-headed ogre
 12743 | D:12     | Reached skill level 5 in Fire Magic
 12809 | D:13     | Noticed a two-headed ogre
 12892 | D:13     | Noticed a five-headed hydra
 12895 | D:13     | Killed a five-headed hydra
 12904 | D:13     | Killed a two-headed ogre
 12944 | D:13     | Noticed a centaur warrior
 12953 | D:13     | Killed a centaur warrior
 12972 | D:13     | Found Efontouff's Distillery.
 12990 | D:13     | Bought a potion of heal wounds for 80 gold pieces
 12990 | D:13     | Bought a potion of might for 64 gold pieces
 12990 | D:13     | Bought a potion of magic for 128 gold pieces
 12990 | D:13     | Bought a potion of haste for 160 gold pieces
 12990 | D:13     | Bought a potion of heal wounds for 80 gold pieces
 13046 | D:13     | Reached XP level 13. HP: 78/78 MP: 10/23
 13054 | D:13     | Found a gate to the Vaults.
 13695 | D:13     | Reached ***** piety under Vehumet
 14176 | D:14     | Offered knowledge of Bolt of Magma by Vehumet.
 14189 | D:14     | Learned a level 5 spell: Bolt of Magma
 14390 | D:14     | Reached skill level 10 in Conjurations
 14752 | D:14     | Identified the +6 scale mail of Onus {*Drain rPois SInv}
 14961 | D:14     | Lost mutation: Your body sometimes deteriorates upon taking
                  | damage. [potion of mutation]
 14961 | D:14     | Lost mutation: Your spells are a little harder to cast, but
                  | a little more powerful. [potion of mutation]
 14961 | D:14     | Lost mutation: Your magical capacity is low. (-10% MP)
                  | [potion of mutation]
 14961 | D:14     | Gained mutation: You are somewhat resistant to further
                  | mutation. [potion of mutation]
 14961 | D:14     | Gained mutation: Your spells are a little harder to cast,
                  | but a little more powerful. [potion of mutation]
 15654 | D:14     | Found a basalt altar of Yredelemnul.
 15656 | D:14     | Noticed Jorgrun
 15684 | D:14     | Killed Jorgrun
 16096 | Lair:1   | Entered Level 1 of the Lair of Beasts
 16206 | Lair:1   | Gained mutation: Your large and strong wings let you fly
                  | indefinitely. [Gargoyle growth]
 16206 | Lair:1   | Reached XP level 14. HP: 56/84 MP: 17/27
 17019 | Lair:2   | Found a bloodstained altar of Trog.
 17534 | Lair:3   | Offered knowledge of Ozocubu's Refrigeration by Vehumet.
 17710 | Lair:3   | Found a hole to the Spider Nest.
 17900 | Lair:3   | Found a staircase to the Shoals.
 19369 | Lair:5   | Found a viscous altar of Jiyva.
 19370 | Lair:5   | Found a staircase to the Slime Pits.
 20104 | Lair:6   | Entered Level 6 of the Lair of Beasts
 20200 | Lair:6   | Reached skill level 10 in Spellcasting
 20487 | Lair:6   | Reached XP level 15. HP: 49/92 MP: 25/29
 20518 | Lair:6   | Offered knowledge of Spellforged Servitor by Vehumet.
 20886 | Lair:6   | Reached skill level 10 in Fire Magic
 21128 | Lair:6   | Reached skill level 10 in Fighting
 22915 | Orc:1    | Entered Level 1 of the Orcish Mines
 23082 | Orc:1    | Found a roughly hewn altar of Beogh.
 23138 | Orc:1    | Noticed Maurice
 23149 | Orc:1    | Killed Maurice
 23231 | Orc:2    | Entered Level 2 of the Orcish Mines
 23239 | Orc:2    | Found a frozen archway.
 23248 | IceCv    | Entered an ice cave
 23766 | IceCv    | Found an ancient bone altar of Kikubaaqudgha.
 23773 | IceCv    | Offered knowledge of Iskenderun's Battlesphere by Vehumet.
 24695 | Orc:2    | Offered knowledge of Iron Shot by Vehumet.
 24918 | Orc:2    | Reached XP level 16. HP: 99/99 MP: 13/30
 25414 | Orc:2    | Found Jeremn's Antique Weapon Emporium.
 25414 | Orc:2    | Found Azuytharph's Assorted Antiques.
 25415 | Orc:2    | Found Yrrieg's Antique Armour Boutique.
 25415 | Orc:2    | Found Ypnoucun's Gadget Shoppe.
 25423 | Orc:2    | Bought 3 scrolls of identify for 210 gold pieces
 25423 | Orc:2    | Bought a scroll of teleportation for 105 gold pieces
 25423 | Orc:2    | Bought a potion of haste for 350 gold pieces
 25423 | Orc:2    | Bought a potion of heal wounds for 175 gold pieces
 25423 | Orc:2    | Bought a potion of curing for 105 gold pieces
 25423 | Orc:2    | Bought a brass wand for 140 gold pieces
 25455 | Orc:2    | Found a staircase to the Elven Halls.
 25791 | D:15     | Entered Level 15 of the Dungeon
 26065 | D:15     | Found a staircase to the Depths.
 26066 | D:15     | Noticed Nessos
 26081 | D:15     | Killed Nessos
 26081 | D:15     | Reached skill level 10 in Maces & Flails
 26795 | D:15     | Found an iron altar of Okawaru.
 26875 | D:15     | Offered knowledge of Freezing Cloud by Vehumet.
 27051 | D:15     | Found a runed translucent door.
 27673 | D:15     | Got a dazzling rapier
 27674 | D:15     | Identified the cursed +0 rapier "Senykar" {vorpal, *Drain
                  | +Rage Str-2 Dex+10} (You found it on level 15 of the
                  | Dungeon)
 27901 | Shoals:1 | Entered Level 1 of the Shoals
 29652 | Shoals:2 | Noticed Aizul
 29669 | Shoals:2 | Found a runed translucent gate.
 29669 | Shoals:2 | Found a runed translucent gate.
 29669 | Shoals:2 | Found a runed translucent gate.
 29669 | Shoals:2 | Noticed Laze's ghost (journeyman DEAE)
 29695 | Shoals:1 | HP: 4/100 [Aizul (9)]
 29713 | Shoals:1 | Killed Aizul
 30114 | Shoals:2 | Got a warped lajatang
 30115 | Shoals:2 | Identified the +8 lajatang "Vumubes" {vorpal, MR+} (You
                  | found it on level 2 of the Shoals)
 30128 | Shoals:2 | Identified the ring "Xek Faj" {rF+ Str+3 Dex+4 Stlth+}
 30333 | Shoals:2 | Noticed Ilsuiw
 30340 | Shoals:2 | Killed Ilsuiw
 30340 | Shoals:2 | Reached XP level 17. HP: 104/104 MP: 2/32
 31009 | Shoals:2 | Offered knowledge of Conjure Ball Lightning by Vehumet.
 31099 | Shoals:2 | Identified the +4 short sword "Beetle's Death Toll"
                  | {freeze, rElec} (You acquired it on level 2 of the Shoals)
 31099 | Shoals:2 | Identified Haet's Volume of Harmful Good Luck (You acquired
                  | it on level 2 of the Shoals)
 31112 | Shoals:2 | Learned a level 6 spell: Iron Shot
 31122 | Shoals:2 | Found Sekivvom's Weapon Shop.
 33357 | Spider:1 | Entered Level 1 of the Spider Nest
 33431 | Lair:3   | Upgraded the game from 0.25-a0-591-g2ad0d861f1 to
                  | 0.25-a0-597-gb30770a0c0
 33514 | Shoals:4 | Entered Level 4 of the Shoals
 33537 | Shoals:3 | Learned a level 6 spell: Starburst
 33547 | Shoals:3 | Learned a level 8 spell: Ignition
 33821 | Shoals:4 | Reached skill level 1 in Evocations
 35201 | Shoals:4 | Reached skill level 5 in Evocations
 35378 | Shoals:4 | Got a barnacled rune of Zot
 35396 | Shoals:4 | Reached ****** piety under Vehumet
 35469 | Shoals:4 | Identified Tytt's Guide on Vitriolic Translocation
 36279 | Elf:1    | Entered Level 1 of the Elven Halls
 36295 | Elf:1    | Reached XP level 18. HP: 112/112 MP: 17/33
 36309 | Elf:1    | Noticed Azrael
 36313 | Elf:1    | Killed Azrael
 36549 | Elf:1    | Found Xock's Jewellery Shop.
 36550 | Elf:1    | Found Illadaut's Gadget Shoppe.
 36695 | Elf:1    | Found Tipliujo's Jewellery Shop.
 36709 | Elf:1    | Bought the ring of Seunypru {Int+6 Dex+3} for 1364 gold
                  | pieces
 36718 | Elf:1    | Bought an uncursed amulet of magic regeneration for 480
                  | gold pieces
 37161 | Elf:1    | Offered knowledge of Lehudib's Crystal Spear by Vehumet.
 37161 | Elf:1    | Offered knowledge of Fire Storm by Vehumet.
 37161 | Elf:1    | Offered knowledge of Shatter by Vehumet.
 37824 | Elf:2    | Identified the ring of Secrets {*Corrode +Fly rN+++ Str-5
                  | SInv}
 38090 | Elf:2    | Found a runed translucent gate.
 38090 | Elf:2    | Found a runed translucent gate.
 38091 | Elf:2    | Found a runed translucent gate.
 38160 | Elf:2    | Found Doveec's Antique Armour Shop.
 38215 | Elf:2    | Bought a spiked helmet for 323 gold pieces
 38215 | Elf:2    | Identified the +2 helmet of Haddan {rF+} (You bought it in
                  | a shop on level 2 of the Elven Halls)
 38357 | Elf:3    | Entered Level 3 of the Elven Halls
 38543 | Elf:3    | Reached skill level 15 in Earth Magic
 38549 | Elf:3    | Found Dammuimi's Jewellery Shop.
 38866 | Elf:3    | Found Woc Cyuphe's General Store.
 38866 | Elf:3    | Found Ynes's Distillery.
 38867 | Elf:3    | Found Rammoez's Magic Scroll Emporium.
 38880 | Elf:3    | Found Homefyosch's Antique Weapon Shoppe.
 38899 | Elf:3    | Bought a scroll of enchant armour for 82 gold pieces
 38899 | Elf:3    | Bought a scroll of enchant weapon for 82 gold pieces
 38899 | Elf:3    | Bought a potion of brilliance for 44 gold pieces
 38899 | Elf:3    | Bought a scroll of enchant weapon for 82 gold pieces
 38908 | Elf:3    | Bought a scroll of teleportation for 48 gold pieces
 38908 | Elf:3    | Bought a scroll of teleportation for 48 gold pieces
 38908 | Elf:3    | Bought a scroll of identify for 32 gold pieces
 38908 | Elf:3    | Bought a scroll of identify for 32 gold pieces
 38908 | Elf:3    | Bought a scroll of blinking for 120 gold pieces
 38914 | Elf:3    | Bought a potion of curing for 33 gold pieces
 38914 | Elf:3    | Bought a potion of might for 44 gold pieces
 38914 | Elf:3    | Bought a potion of cancellation for 88 gold pieces
 38914 | Elf:3    | Bought a potion of curing for 33 gold pieces
 38914 | Elf:3    | Bought a potion of mutation for 88 gold pieces
 38914 | Elf:3    | Bought a potion of curing for 33 gold pieces
 39132 | Elf:3    | Noticed a deep elf blademaster
 39133 | Elf:3    | Noticed a deep elf blademaster
 39134 | Elf:3    | Killed a deep elf blademaster
 39144 | Elf:3    | Reached skill level 10 in Dodging
 39144 | Elf:3    | Reached XP level 19. HP: 94/117 MP: 29/34
 39147 | Elf:3    | Reached skill level 15 in Fire Magic
 39540 | Elf:3    | Identified the ring "Vexkuq" {Str+2 Stlth+}
 39543 | Elf:3    | Identified the +2 robe "Xoyf" {+Blink rC+ MP+9 Int+3}
 39832 | Elf:3    | Found the +10 Black Knight's horse barding {ponderous,
                  | rPois rN+}
 39906 | Elf:3    | Identified the Collected Works on Virous Stolen Souls
 39908 | Elf:3    | Identified the Volume of the Oath and the Birds
 40229 | Elf:3    | Found Homefyosch's Antique Weapon Shoppe.
 40229 | Elf:3    | Found Rammoez's Magic Scroll Emporium.
 40230 | Elf:3    | Found Ynes's Distillery.
 40246 | Elf:3    | Found Dammuimi's Jewellery Shop.
 40441 | Elf:3    | Found Woc Cyuphe's General Store.
 41308 | Spider:1 | Noticed Roxanne
 41311 | Spider:1 | Killed Roxanne
 42321 | Spider:2 | Noticed Louise
 42326 | Spider:2 | Killed Louise
 43140 | Spider:2 | Noticed Donald
 43143 | Spider:2 | Killed Donald
 43588 | Spider:3 | Reached XP level 20. HP: 75/124 MP: 36/36
 44224 | Spider:4 | Entered Level 4 of the Spider Nest
 45771 | Spider:4 | Got a gossamer rune of Zot
 46058 | Vaults:1 | Entered Level 1 of the Vaults
 46096 | Vaults:1 | Learned a level 9 spell: Shatter
 46485 | Vaults:1 | Noticed Asterion
 46494 | Vaults:1 | Killed Asterion
 46837 | Vaults:1 | Found Muazav's Armour Emporium.
 47193 | Vaults:1 | Reached XP level 21. HP: 131/131 MP: 37/37
 47547 | Vaults:2 | Noticed Jory
 47557 | Vaults:1 | Killed Jory
 48174 | Vaults:2 | Found a staircase to the Crypt.
 48293 | Vaults:2 | Found Axovab's Distillery.
 48313 | Vaults:2 | Bought a potion of magic for 136 gold pieces
 48313 | Vaults:2 | Bought a potion of ambrosia for 136 gold pieces
 48313 | Vaults:2 | Bought a potion of magic for 136 gold pieces
 48313 | Vaults:2 | Bought a potion of brilliance for 68 gold pieces
 48313 | Vaults:2 | Bought a potion of curing for 51 gold pieces
 48313 | Vaults:2 | Bought a potion of heal wounds for 85 gold pieces
 48313 | Vaults:2 | Bought a potion of brilliance for 68 gold pieces
 48618 | Vaults:2 | Reached skill level 15 in Conjurations
 48914 | Vaults:2 | Found a sacrificial altar of Ru.
 48982 | Vaults:2 | Noticed Nikola
 49024 | Vaults:2 | Killed Nikola
 49215 | Vaults:2 | Found a portal to a secret trove of treasure.
 49374 | Vaults:3 | Found a magical portal.
 49661 | WizLab   | Reached XP level 22. HP: 58/138 MP: 24/39
 51126 | Vaults:3 | Found Gicympy's General Store.
 52375 | Vaults:5 | Entered Level 5 of the Vaults
 52376 | Vaults:5 | Reached skill level 15 in Fighting
 52378 | Vaults:5 | Reached XP level 23. HP: 144/144 MP: 40/40
 52390 | Vaults:5 | Noticed a golden dragon
 52400 | Vaults:5 | Killed a golden dragon
 52550 | Vaults:5 | Noticed a golden dragon
 52902 | Vaults:5 | Killed a golden dragon
 53167 | Vaults:5 | Reached XP level 24. HP: 146/152 MP: 41/41
 53743 | Vaults:5 | Identified the +1 hat of Yneriet {rPois rCorr Str+7 Stlth-}
                  | (You acquired it on level 5 of the Vaults)
 53743 | Vaults:5 | Identified the ring "Umnunayr" {*Slow rElec MR+ EV+2} (You
                  | acquired it on level 5 of the Vaults)
 53810 | Vaults:5 | Got a silver rune of Zot
 53876 | Vaults:5 | Identified the ring of the Sneaky Deaths {EV+3 Dex+5} (You
                  | acquired it on level 5 of the Vaults)
 54466 | Crypt:1  | Entered Level 1 of the Crypt
 54581 | Crypt:1  | Found a shimmering blue altar of Sif Muna.
 54582 | Crypt:1  | Identified the amulet "Nimimosm" {RegenMP Int+6}
 55380 | Crypt:1  | Found a runed translucent gate.
 55380 | Crypt:1  | Found a runed translucent gate.
 55380 | Crypt:1  | Noticed Util's ghost (veteran MiBe)
 55381 | Crypt:1  | Found a runed translucent gate.
 55382 | Crypt:1  | Noticed Siomof's ghost (veteran GrFi)
 55382 | Crypt:1  | Noticed Nyot's ghost (veteran GrFi)
 55383 | Crypt:1  | Noticed Onnun's ghost (veteran GrFi)
 55606 | Crypt:2  | Noticed Frederick
 55611 | Crypt:2  | Killed Frederick
 56665 | Crypt:2  | Found a runed translucent door.
 56666 | Crypt:2  | Noticed an ancient lich
 56677 | Crypt:2  | Killed an ancient lich
 56796 | Crypt:3  | Entered Level 3 of the Crypt
 57931 | Crypt:3  | Reached skill level 15 in Spellcasting
 58021 | Crypt:3  | Found a staircase to the Tomb.
 58024 | Crypt:3  | Found the +15 Maxwell's patent armour {-Cast -Tele rElec
                  | MR+ rCorr}
 58240 | Crypt:3  | Got a steaming tin ring
 58240 | Crypt:3  | Got a scorched pewter ring
 58242 | Crypt:3  | Identified the ring of Deoc {rC+ rN+ Dex+2} (You found it
                  | on level 3 of the Crypt)
 58244 | Crypt:3  | Identified the ring "Tunnymiv" {rPois rN+ Dex+3} (You found
                  | it on level 3 of the Crypt)
 58249 | Crypt:3  | Got a glittering golden ring
 58250 | Crypt:3  | Identified the ring "Horaniap" {rElec rC- rN+ Dex+3} (You
                  | found it on level 3 of the Crypt)
 58369 | Crypt:3  | Reached XP level 25. HP: 41/159 MP: 25/42
 58824 | Crypt:3  | Noticed Sojobo
 58839 | Crypt:3  | Killed Sojobo
 58871 | Crypt:3  | Noticed an ancient lich
 58875 | Crypt:3  | Killed an ancient lich
 59112 | Crypt:3  | Found an ancient bone altar of Kikubaaqudgha.
 59140 | Crypt:3  | Noticed an ancient lich
 59144 | Crypt:3  | Killed an ancient lich
 59172 | Crypt:3  | Noticed an ancient lich
 59176 | Crypt:3  | Killed an ancient lich
 59245 | Crypt:3  | Identified the Almanac of Dark Magic
 59248 | Crypt:3  | Identified the +8 flail of Change {freeze, *Slow rElec MR+
                  | Str+5} (You found it on level 3 of the Crypt)
 59330 | Crypt:3  | Identified the Volume of the Quantum Mountains
 59669 | D:15     | Learned a level 9 spell: Fire Storm
 59897 | Slime:1  | Entered Level 1 of the Pits of Slime
 60326 | Slime:5  | Entered Level 5 of the Pits of Slime
 60347 | Slime:5  | Noticed the Royal Jelly
 60363 | Slime:5  | Killed the Royal Jelly
 60647 | Slime:5  | Found the +5 scythe "Finisher" {speed, eviscerate}
 60679 | Slime:5  | Got a slimy rune of Zot
 60958 | Slime:5  | Identified the +8 flail of Defence {holy, *Drain rF+++ MR+
                  | Stlth+} (You found it on level 5 of the Pits of Slime)
 61246 | Depths:1 | Entered Level 1 of the Depths
 61253 | Depths:1 | Reached XP level 26. HP: 135/166 MP: 33/42
 61372 | Depths:1 | You are sucked into a shaft and drop 1 floor!
 61716 | Depths:1 | Found Pyocheig's Weapon Shoppe.
 61765 | Depths:1 | Found a one-way gate leading to the halls of Pandemonium.
 61910 | Depths:1 | Found a gateway to Hell.
 61964 | Depths:1 | Found Gushov's Distillery.
 61978 | Depths:1 | Bought a potion of might for 72 gold pieces
 61978 | Depths:1 | Bought a potion of ambrosia for 144 gold pieces
 61978 | Depths:1 | Bought a potion of mutation for 144 gold pieces
 61978 | Depths:1 | Bought a potion of curing for 54 gold pieces
 61978 | Depths:1 | Bought a potion of resistance for 180 gold pieces
 61978 | Depths:1 | Bought a potion of mutation for 144 gold pieces
 61978 | Depths:1 | Bought a potion of magic for 144 gold pieces
 62890 | Vaults:2 | You paid a toll of +3 storm dragon scales to enter a
                  | treasure trove
 62891 | Trove    | Entered a treasure trove
 62919 | Trove    | Got a scorched great mace
 62920 | Trove    | Identified the +7 great mace of Doom {antimagic, *Rage +Fly
                  | rN+++ MR-} (You found it in a treasure trove)
 63230 | Depths:2 | Paralysed by a floating eye for 2 turns
 63910 | Depths:2 | Noticed Bai Suzhen
 63914 | Depths:2 | Killed Bai Suzhen
 64190 | Depths:2 | Found a one-way gate to the infinite horrors of the Abyss.
 64321 | Depths:2 | Found Siovuc's Weapon Shop.
 64437 | Depths:3 | Found a gateway to a ziggurat.
 64449 | Depths:2 | Upgraded the game from 0.25-a0-597-gb30770a0c0 to
                  | 0.25-a0-603-g0321be95db
 64682 | Depths:3 | Reached XP level 27. HP: 165/173 MP: 23/43
 64989 | Depths:3 | Identified the Collected Works on the Volcanoes and Attacks
                  | (You acquired it on level 3 of the Depths)
 66469 | Depths:4 | Reached skill level 15 in Dodging
 66559 | Depths:4 | Noticed a juggernaut
 66564 | Depths:4 | Killed a juggernaut
 67926 | Depths:5 | Entered Level 5 of the Depths
 69004 | Depths:5 | Found a gate to the Realm of Zot.
 69465 | Depths:4 | Identified the cursed +2 quarterstaff "Beethu" {vamp,
                  | Fragile +Rage rN+ MP+9} (You found it on level 4 of the
                  | Depths)
 69770 | Zot:1    | Entered Level 1 of the Realm of Zot
 69774 | Zot:1    | Noticed an orb of fire
 69775 | Zot:1    | Lost mutation: Your spells are a little harder to cast, but
                  | a little more powerful. [an orb of fire]
 69790 | Depths:5 | Learned a level 9 spell: Glaciate
 69874 | Zig:1    | Entered Level 1 of a ziggurat
 69888 | Zig:2    | Entered Level 2 of a ziggurat
 69917 | Zig:3    | Entered Level 3 of a ziggurat
 69919 | Zig:3    | Reached skill level 1 in Ice Magic
 69933 | Zig:4    | Entered Level 4 of a ziggurat
 69989 | Zig:5    | Entered Level 5 of a ziggurat
 70041 | Zig:5    | Identified Sif Muna's Almanac of Helpful Weightlessness
 70056 | Zig:6    | Entered Level 6 of a ziggurat
 70057 | Zig:6    | Noticed a greater mummy
 70060 | Zig:6    | Killed a greater mummy
 70062 | Zig:6    | Noticed a greater mummy
 70063 | Zig:6    | Killed a greater mummy
 70088 | Zig:6    | Got a smoking lapis lazuli ring
 70089 | Zig:6    | Identified the ring of Jealousy {rN+ Int+2} (You found it
                  | on level 6 of a ziggurat)
 70098 | Zig:7    | Entered Level 7 of a ziggurat
 70103 | Zig:7    | Found the +3 giant club "Skullcrusher" {speed, Str+7}
 70247 | Zig:7    | Identified the Incunabulum of Air and the Oath
 70266 | Zig:8    | Entered Level 8 of a ziggurat
 70298 | Zig:8    | Identified Ugothreo's Incunabulum of Flamy Conjuration
 70307 | Zig:9    | Entered Level 9 of a ziggurat
 70313 | Zig:9    | Reached skill level 10 in Ice Magic
 70824 | Zig:10   | Entered Level 10 of a ziggurat
 70831 | Zig:10   | Noticed Geduza the pandemonium lord
 70846 | Zig:10   | Slain by an infernal warmonger

Levels and vault maps discovered:
D:1:      minmay_arrival_three_doors, layout_rooms, chequers_serial_rivers_marsh
D:2:      layout_loops_cross, minmay_hedge_maze
D:3:      layout_basic, minmay_cupped
D:4:      layout_basic, st_stairs_12, eino_small_chamber_without_monster
D:5:      minmay_general_purpose_star, layout_gridville, ebering_ghost_gozag,
          first_ration, serial_shops, shop, uniq_pikel, uniq_sigmund
D:6:      layout_loops_ring, gup_sewer_entry_bowl
D:7:      layout_cave_pods, kennysheep_little_box,
          minmay_temple_entry_water_ring
D:8:      layout_rooms, serial_shops, nicolae_shop_crystal,
          gammafunk_ghost_arena
D:9:      layout_basic, grunt_livestock
D:10:     layout_big_octagon, grunt_lair_entry_orc_guard_hut, serial_shops,
          shop, ebering_ghost_reflecting_pool, uniq_josephine
D:11:     layout_gridville, serial_shops, nicolae_shop_stone
D:12:     layout_loops_corners, orc_0_dummy
D:13:     layout_gridville, erik_vaults_1, serial_shops, shop
D:14:     minmay_bloctagon, layout_basic, basic_altar,
          kennysheep_decorative_pillar, minmay_unpleasant_kobolds, uniq_jorgrun
D:15:     gammafunk_depths_entry_grave, layout_basic, okawaru_ov_weapons_minmay,
          minmay_misc_feat_secret_circle, minmay_crystal_box, uniq_nessos
Temple:   kilobyte_greek_temple
Lair:1:   layout_gridlike
Lair:2:   layout_hall_layers, basic_altar, grunt_megastairs_3
Lair:3:   layout_regular_city, elwin_shoals_entry_stream,
          spider_nest_entry_web_field
Lair:4:   layout_misc_corridors, serial_bayou_shore_b,
          minmay_lair_oklob_chamber, grunt_megastairs_4
Lair:5:   layout_gridlike, slime_altar_1
Lair:6:   grunt_lair_end_beastmaster, layout_concentric_octagons,
          wad_woods_road_05, lemuel_fruit_tree
Shoals:1: layout_shoals
Shoals:2: layout_shoals, gammafunk_ghost_split, serial_shops, shop, uniq_aizul,
          uniq_ilsuiw
Shoals:3: cheibrodos_shoals_baths, layout_shoals, nicolae_shoals_drake_roost
Shoals:4: shoals_end_grunt_garden, layout_shoals
Spider:1: layout_chambers, guppyfry_spider_mini_2, uniq_roxanne
Spider:2: nicolae_spider_mines_1, nicolae_spider_webs_and_nodes, uniq_louise,
          uniq_donald
Spider:3: layout_spider_delve
Spider:4: spider_rune_water, spiders_nest_spider_trap
Slime:1:  layout_caves, cheibrodos_slime_lost_civilization_4
Slime:2:  layout_caves
Slime:3:  layout_caves
Slime:4:  layout_caves
Slime:5
Orc:1:    layout_caves, basic_altar, uniq_maurice
Orc:2:    st_orc_ogre_mass, layout_caves, portal_ice_cave_rime
Elf:1:    layout_geoelf_diagonals, hangedman_elf_represent, minmay_shop_grove,
          uniq_azrael
Elf:2:    layout_gridlike, serial_shops, nicolae_shop_crystal
Elf:3:    elf_hall, layout_gridlike, serial_shops, shop,
          roderic_lattice_octagonal_star, minmay_shoptagon
Vaults:1: v_misc_12, vaults_room_grunt_arrival_ludios, vaults_mumra_minichess,
          hangedman_vaults_stretched_pinwheel, nicolae_vaults_little_squares_2,
          nicolae_vaults_diagonal_hallway_7, nicolae_vaults_little_ls,
          serial_ice_m, layout_vaults_quadrants, serial_shops, shop,
          uniq_asterion
Vaults:2: vaults_standard_mumra_enter_the_diamond,
          minmay_crypt_entry_simple_plaza, grunt_vaults_hallway_short,
          vaults_room_pools, hangedman_vaults_stitches,
          nicolae_vaults_circle_grid_a, st_cross, ontoclasm_vaults_ligature,
          v_pattern_4, v_misc_8, nicolae_vaults_ring_of_whatevers,
          layout_vaults_big_cross, nicolae_trove_entry_free_sample,
          serial_shops, shop, basic_altar, uniq_nikola, uniq_jory
Vaults:3: vaults_standard_mumra_x, v_misc_10, hangedman_vaults_stagger,
          nicolae_vaults_border_crossing, nicolae_vaults_sealed_display,
          hangedman_vaults_maws, ontoclasm_vaults_ring_small, v_misc_13,
          nicolae_vaults_holding_cells, ontoclasm_vaults_loading_screen,
          layout_vaults_maze_snakey, mu_enter_wizlab_4, serial_shops, shop
Vaults:4: v_misc_29, hangedman_vaults_corner, vaults_room_pools, v_misc_26,
          nicolae_vaults_alarming, nicolae_vaults_little_squares_4,
          layout_vaults_chaotic_city
Vaults:5
Crypt:1:  layout_misc_corridors, gammafunk_ghost_cemetery, minivault_23,
          hangedman_summoners_spam
Crypt:2:  cheibrodos_crypt_cold_storage, layout_regular_city,
          nicolae_crypt_small_crypt, uniq_frederick
Crypt:3:  quadcrypt_mu, uniq_sojobo
Depths:1: layout_cave_pools, serial_shops, nicolae_shop_behind_doors,
          rand_demon_pan_entry_4, chequers_serial_rivers_small_b, hell_entry,
          hangedman_decor_slide_cut, serial_sigils_hangedman_scratch,
          kennysheep_path_1, chequers_jeans, minmay_shop_grid_forest
Depths:2: nooodl_heptagram, layout_long_grid, nrook_pool_corridor, serial_shops,
          kennysheep_mini_moat, hell_entry,
          nicolae_abyss_entry_one_way_or_another, grunt_ministairs_3,
          uniq_bai_suzhen
Depths:3: minmay_the_grid_square_5x5_4x4_mashed
          [minmay_the_grid_square_5x5_corner,
          minmay_the_grid_square_5x5_longway, minmay_the_grid_square_5x5_eight,
          minmay_the_grid_square_5x5_tetrominoes,
          minmay_the_grid_square_5x5_inner_i,
          minmay_the_grid_square_5x5_prize_gold,
          minmay_the_grid_square_5x5_prize_itemx,
          minmay_the_grid_square_5x5_bracketed,
          minmay_the_grid_square_5x5_n_small,
          minmay_the_grid_square_5x5_prize_rear_guard,
          minmay_the_grid_square_5x5_prize_waves,
          minmay_the_grid_square_5x5_pentomino_r,
          minmay_the_grid_square_5x5_intrusive_squares,
          minmay_the_grid_square_5x5_shuriken,
          minmay_the_grid_square_5x5_gyroscope,
          minmay_the_grid_square_5x5_inner_z], layout_cave_shapes,
          enter_ziggurat_a, chequers_serial_rivers_small_3, pan_entry,
          pf_hell_entry_great_geh
Depths:4: minmay_stepped, layout_small_grid, abyss_entry,
          grunt_hell_entry_demonic_statue, minmay_pinched_square,
          infiniplex_staircase_split_hallway, firewood_loft,
          kennysheep_random_hallway
Depths:5: grunt_zot_entry_bicorn, layout_gridlike, hell_entry, abyss_entry,
          rand_demon_pan_entry_9
Zot:1:    layout_gridville
Zig:10

Skill      XL: |  1  2  3  4  5  6  7  8  9 10 11 12 13 14 15 16 17 18 19 20 21 22 23 24 25 26 27 |
---------------+----------------------------------------------------------------------------------+-----
Earth Magic    | 4 5 6 7 8 9 10 11 12 13 14 15 16 17 18 19 20 22 | 22.0
Conjurations   | 1 2 3 5 6 7 8 9 10 11 12 13 14 15 16 17 18 20 | 20.0
Spellcasting   | 3 4 5 6 7 8 9 10 11 12 13 14 15 16 18 | 18.2
Fighting       | 2 3 5 6 7 8 9 10 11 12 13 14 15 16 17 20 | 20.3
Maces & Flails | 1 3 4 6 7 8 9 10 11 12 13 14 | 14.0
Armour         | 1 3 5 6 |  6.0
Dodging        | 2 3 4 5 6 7 8 9 10 11 12 13 14 15 | 15.0
Fire Magic     | 3 5 8 9 11 12 14 15 16 17 18 19 20 21 22 | 22.0
Evocations     | 5 6 |  6.0
Ice Magic      | 11 | 11.4
Stealth        | |  2.1
Transmutations | |  0.7

Action                   |  1- 3 |  4- 6 |  7- 9 | 10-12 | 13-15 | 16-18 | 19-21 | 22-24 | 25-27 || total
-------------------------+-------+-------+-------+-------+-------+-------+-------+-------+-------++-------
Melee: Dagger            |   110 |    75 |       |       |       |       |       |       |       ||   185
       Headbutt          |     6 |     7 |    26 |    25 |       |       |       |       |       ||    64
       Unarmed           |     1 |       |       |       |       |       |       |       |       ||     1
       Spear             |       |    47 |    43 |       |       |       |       |       |       ||    90
       Whip              |       |       |   187 |   170 |       |       |       |       |       ||   357
       Morningstar       |       |       |       |   219 |   644 |   236 |   277 |   401 |   249 ||  2026
       Lajatang          |       |       |       |       |       |   284 |   113 |       |       ||   397
Throw: Stone             |       |       |       |       |       |     1 |       |       |       ||     1
       Throwing net      |       |       |       |       |       |       |     1 |       |       ||     1
 Cast: Sandblast         |    36 |    14 |    45 |   152 |   169 |   131 |     1 |     9 |     3 ||   560
       Lee's Rapid Decon |       |     1 |    12 |    57 |   112 |   115 |   112 |    28 |    54 ||   491
       Stone Arrow       |       |       |     2 |    30 |    56 |    11 |       |       |       ||    99
       Fireball          |       |       |       |       |    55 |    81 |    28 |     7 |     6 ||   177
       Bolt of Magma     |       |       |       |       |     8 |    14 |       |       |       ||    22
       Iron Shot         |       |       |       |       |       |    62 |   105 |    76 |   122 ||   365
       Ignition          |       |       |       |       |       |    19 |    76 |    54 |    42 ||   191
       Starburst         |       |       |       |       |       |     5 |     1 |       |       ||     6
       Shatter           |       |       |       |       |       |       |     4 |    42 |    90 ||   136
       Fire Storm        |       |       |       |       |       |       |       |       |   105 ||   105
       Glaciate          |       |       |       |       |       |       |       |       |     5 ||     5
 Abil: Fly               |       |       |       |       |     1 |       |       |     1 |       ||     2
       Stop Flying       |       |       |       |       |       |       |       |     1 |     1 ||     2
Evoke: Wand              |       |    13 |       |     9 |    25 |    22 |     7 |     1 |     1 ||    78
       Phial of floods   |       |       |       |     1 |     3 |     1 |     1 |       |       ||     6
       Tin of tremorston |       |       |       |       |     1 |       |       |       |       ||     1
       Phantom mirror    |       |       |       |       |       |     1 |       |       |       ||     1
  Use: Scroll            |     8 |     2 |     6 |    11 |    10 |    26 |     6 |    14 |    19 ||   102
       Potion            |     1 |       |     1 |     8 |    10 |    13 |     5 |     3 |     8 ||    49
 Stab: Sleeping          |     4 |       |     1 |     4 |     4 |     2 |     1 |       |       ||    16
       Distracted        |       |       |       |     1 |       |       |       |     2 |       ||     3
  Eat: Chunk             |     3 |     6 |    14 |    27 |    46 |    43 |    29 |    17 |    27 ||   212
       Ration            |       |       |       |     2 |     8 |    16 |    11 |    13 |    20 ||    70
Armor: Robe              |    23 |    42 |   128 |   384 |   579 |   464 |   500 |   187 |   219 ||  2526
Dodge: Dodged            |   103 |    62 |   176 |   454 |   714 |   644 |   668 |   335 |   308 ||  3464

Table legend:
 A = Non-vault XP
 B = Vault XP
 C = Vault XP percentage of total XP
 D = Non-vault monster count
 E = Vault monster count
 F = Vault count percentage of total count
                 A         B        C        D         E       F
            +---------+---------+-------+---------+---------+-------
      Total |  830810 |  769459 |  48.1 |    1738 |     884 |  33.7
            +---------+---------+-------+---------+---------+-------
        D:1 |      28 |       0 |   0.0 |      16 |       0 |   0.0
        D:2 |      44 |       0 |   0.0 |      20 |       0 |   0.0
        D:3 |      91 |       5 |   5.2 |      18 |       3 |  14.3
        D:4 |     318 |      34 |   9.7 |      15 |       1 |   6.2
        D:5 |     411 |     946 |  69.7 |      10 |       4 |  28.6
        D:6 |     546 |       1 |   0.2 |      18 |       1 |   5.3
        D:7 |    1571 |       0 |   0.0 |      33 |       0 |   0.0
        D:8 |    1872 |       0 |   0.0 |      25 |       0 |   0.0
        D:9 |    2718 |     986 |  26.6 |      34 |       5 |  12.8
       D:10 |    2139 |    2881 |  57.4 |      29 |      11 |  27.5
       D:11 |    6089 |       0 |   0.0 |      41 |       0 |   0.0
       D:12 |    7152 |       0 |   0.0 |      60 |       0 |   0.0
       D:13 |    6419 |    1808 |  22.0 |      22 |       2 |   8.3
       D:14 |   10642 |    7393 |  41.0 |      31 |      22 |  41.5
       D:15 |   14264 |   10034 |  41.3 |      42 |      14 |  25.0
     Lair:1 |    5103 |       0 |   0.0 |      20 |       0 |   0.0
     Lair:2 |    2729 |       0 |   0.0 |      14 |       0 |   0.0
     Lair:3 |    7020 |    1383 |  16.5 |      21 |       4 |  16.0
     Lair:4 |    2566 |    3371 |  56.8 |       7 |      11 |  61.1
     Lair:5 |    5657 |       0 |   0.0 |      28 |       0 |   0.0
     Lair:6 |   11886 |    8577 |  41.9 |      33 |      18 |  35.3
   Shoals:1 |   14888 |    1750 |  10.5 |      24 |       1 |   4.0
   Shoals:2 |   14494 |    3574 |  19.8 |      28 |       5 |  15.2
   Shoals:3 |   10164 |    4206 |  29.3 |      26 |      12 |  31.6
   Shoals:4 |   14475 |   20300 |  58.4 |      28 |      32 |  53.3
   Spider:1 |   14652 |    3871 |  20.9 |      43 |       9 |  17.3
   Spider:2 |   12053 |    5552 |  31.5 |      39 |       8 |  17.0
   Spider:3 |   26090 |       0 |   0.0 |      58 |       0 |   0.0
   Spider:4 |   20619 |   26119 |  55.9 |      54 |      43 |  44.3
    Slime:1 |   12115 |       0 |   0.0 |      13 |       0 |   0.0
    Slime:2 |   10896 |       0 |   0.0 |      16 |       0 |   0.0
    Slime:3 |    4277 |       0 |   0.0 |       4 |       0 |   0.0
    Slime:4 |    2752 |       0 |   0.0 |       2 |       0 |   0.0
    Slime:5 |   20902 |   30401 |  59.3 |      39 |      13 |  25.0
      Orc:1 |     888 |     493 |  35.7 |      13 |       1 |   7.1
      Orc:2 |    3912 |   19657 |  83.4 |      48 |      42 |  46.7
      Elf:1 |   15180 |    8493 |  35.9 |      30 |      15 |  33.3
      Elf:2 |   24907 |    1799 |   6.7 |      41 |       2 |   4.7
      Elf:3 |   15864 |   42786 |  73.0 |      28 |      29 |  50.9
   Vaults:1 |   20400 |   18027 |  46.9 |      48 |      24 |  33.3
   Vaults:2 |   47258 |   21510 |  31.3 |      68 |      20 |  22.7
   Vaults:3 |   31619 |   26093 |  45.2 |      52 |      36 |  40.9
   Vaults:4 |   28441 |   20611 |  42.0 |      49 |      30 |  38.0
   Vaults:5 |   24342 |  140541 |  85.2 |      52 |      93 |  64.1
    Crypt:1 |   34028 |    6597 |  16.2 |      44 |      11 |  20.0
    Crypt:2 |   21560 |   16056 |  42.7 |      34 |       7 |  17.1
    Crypt:3 |       0 |   83721 | 100.0 |       0 |      84 | 100.0
   Depths:1 |   36487 |    2179 |   5.6 |      40 |       2 |   4.8
   Depths:2 |   33883 |   67691 |  66.6 |      39 |      48 |  55.2
   Depths:3 |   54598 |   48754 |  47.2 |      61 |      35 |  36.5
   Depths:4 |   39256 |   66144 |  62.8 |      46 |      61 |  57.0
   Depths:5 |   39147 |   20980 |  34.9 |      52 |      19 |  26.8
      Zig:1 |    1614 |       0 |   0.0 |       1 |       0 |   0.0
      Zig:2 |    1317 |       0 |   0.0 |       4 |       0 |   0.0
      Zig:3 |    3638 |       0 |   0.0 |       6 |       0 |   0.0
      Zig:4 |    2896 |       0 |   0.0 |       5 |       0 |   0.0
      Zig:5 |    6444 |       0 |   0.0 |       8 |       0 |   0.0
      Zig:6 |   13572 |    2177 |  13.8 |      12 |       4 |  25.0
      Zig:7 |   10183 |       0 |   0.0 |       7 |       0 |   0.0
      Zig:8 |   10039 |    2237 |  18.2 |      15 |       4 |  21.1
      Zig:9 |   21947 |       0 |   0.0 |      11 |       0 |   0.0
     Zig:10 |   19748 |       0 |   0.0 |      13 |       0 |   0.0
      Sewer |       0 |      82 | 100.0 |       0 |      26 | 100.0
      IceCv |       0 |    6383 | 100.0 |       0 |      54 | 100.0
     WizLab |       0 |   13256 | 100.0 |       0 |      18 | 100.0
            +---------+---------+-------+---------+---------+-------
